 Dungeon Crawl Stone Soup version 0.31-a0-986-g5e6e4ef867 (webtiles) character file.

Game seed: 17126495635191192810

53 Adrian566 the Changeling (level 3, -1/28 HPs)
             Began as a Demigod Shapeshifter on Nov 11, 2023.
             Slain by a gnoll
             ... wielding a +0 flail
              (11 damage)
             ... on level 3 of the Dungeon.
             The game lasted 00:01:37 (1470 turns).

Adrian566 the Changeling (Demigod Shapeshifter)     Turns: 1470, Time: 00:01:37

Health: -1/28      AC:  6    Str: 11    XL:     3   Next: 42%
Magic:  0/5        EV: 12    Int: 12    God:
Gold:   77         SH:  0    Dex: 17    Spells: 2/2 levels left

rFire   + .          .
                       - Unarmed
rCold   . . .        (no shield)
rNeg    . . .        o - +3 leather armour of Tacon {rPois rF+ Str-4 SInv}
rPois   +            (helmet currently unavailable)
rElec   .            (cloak currently unavailable)
rCorr   .            (gloves currently unavailable)
SInv    +            (boots currently unavailable)
Will    .....        h - amulet of guardian spirit
Stlth   +            (no ring)
HPRegen 0.24/turn    (no ring)
MPRegen 0.09/turn

%: guardian spirit
@: beast-form
A: beast (slay +1), high MP 1, forlorn, divine attributes
a: Begin Untransformation


You were on level 3 of the Dungeon.
You were a hulking beast.
You visited 1 branch of the dungeon, and saw 3 of its levels.

You collected 77 gold pieces.

Inventory:

Armour
 a - a +0 animal skin
 l - a +0 ring mail
 o - the +3 leather armour of Tacon (worn) {rPois rF+ Str-4 SInv}
   (You found it on level 2 of the Dungeon)

   Str-4:     It affects your strength (-4).
   rF+:       It protects you from fire.
   rPois:     It protects you from poison SInv: It lets you see invisible.
Jewellery
 h - an amulet of guardian spirit (around neck)
 q - an amulet of magic regeneration
Talismans
 c - a beast talisman (active)
 d - a flux talisman
Scrolls
 e - a scroll of brand weapon {unknown}
 f - 2 scrolls of fear {unknown}
 i - 3 scrolls of teleportation {unknown}
 j - 3 scrolls of identify {unknown}
 k - a scroll of silence {unknown}
 m - a scroll of enchant armour {unknown}
 n - a scroll of blinking {unknown}
 p - a scroll of amnesia {unknown}
 r - a scroll of vulnerability {unknown}
Potions
 b - a potion of lignification
 g - 2 potions of might {unknown}
 s - a potion of brilliance {unknown}


   Skills:
 + Level 1.0 Fighting
 + Level 0.3 Armour
 + Level 2.0 Dodging
 + Level 0.3 Stealth
 + Level 3.1 Unarmed Combat
 + Level 3.4 Shapeshifting


You had 2 spell levels left.
You didn't know any spells.
Your spell library contained the following spells:

 Spells                   Type           Power      Damage    Failure   Level
 Ozocubu's Armour         Ice            0%         N/A       78%         3
 Metabolic Englaciation   Hex/Ice        0%         N/A       100%        5
 Simulacrum               Ice/Necr       0%         N/A       100%        6


Dungeon Overview and Level Annotations

Branches:
Dungeon (3/15)


Innate Abilities, Weirdness & Mutations

You are a hulking beast.
Your limbs bulge with bestial killing power. (Slay +1)
You have an increased reservoir of magic. (+10% MP)
You shall have no god before yourself.
Your divine heritage dramatically boosts your attributes as you level up.


Message History

Found a stone staircase leading up.
The gnoll shouts!
A gnoll comes into view. It is wielding a +0 whip.
There are monsters nearby!
A gnoll comes into view. It is wielding a +0 halberd.
The gnoll shouts! x2
The gnoll closely misses you.
There is a large open door here.
You barely miss the gnoll. The gnoll hits you with a +0 flail!
You hit the gnoll.
The gnoll is moderately wounded.
The gnoll misses you.
You closely miss the gnoll.
The gnoll is moderately wounded.
The gnoll hits you from afar with a +0 halberd!
The gnoll closely misses you.
You are too injured to fight recklessly!
You are too injured to fight recklessly!
You are too injured to fight recklessly!
You are too injured to fight recklessly!
You are too injured to fight recklessly!
You are too injured to fight recklessly!
You are too injured to fight recklessly!
You are too injured to fight recklessly!
You are too injured to fight recklessly!
You are too injured to fight recklessly!
You are too injured to fight recklessly!
You are too injured to fight recklessly!
You are too injured to fight recklessly!
You are too injured to fight recklessly!
Unknown command.
Okay, then.
Okay, then.
The gnoll attacks as it pursues you! The gnoll hits you with a +0 flail.
The gnoll attacks as it pursues you! The gnoll closely misses you.
The gnoll attacks as it pursues you! The gnoll closely misses you.
The gnoll attacks as it pursues you! The gnoll hits you with a +0 flail.
* * * LOW HITPOINT WARNING * * *
The gnoll attacks as it pursues you! The gnoll hits you with a +0 flail!
You die...

#.#########.#..#.#......#
#.#............#.##..####
#.#.#######.##.#........#
#.#......##....#.###....##
###.######.##..###.........##..
#.#.#...........<#.............
#.#.##.###.####.##.......######
#........#.#######...........#
#.#.#.........hg....g.g......#
#.#.#.....###......####......#
##.#.#.....#
#......'..#......##
#....#.....#
####...##.....###..
######.....# #...#......##...
#.....# #####......g'g..
#.....# #......##... #.....#
#......# .. ####### #........ .


You could see 2 gnolls.

Vanquished Creatures
  2 adders (D:2)
  A worm (D:2)
  A dart slug (D:1)
  2 ball pythons
  A bat (D:3)
  4 giant cockroaches
  4 goblins
  2 hobgoblins (D:1)
  3 kobolds
  A quokka (D:2)
  2 frilled lizards (D:1)
  6 rats
29 creatures vanquished.

Notes
Turn   | Place    | Note
-------+----------+-------------------------------------------
     0 | D:1      | Adrian566 the Demigod Shapeshifter began the quest for the
                  | Orb.
     0 | D:1      | Reached XP level 1. HP: 15/15 MP: 3/3
   128 | D:1      | Reached XP level 2. HP: 22/22 MP: 4/4
   663 | D:2      | Identified the +3 leather armour of Tacon {rPois rF+ Str-4
                  | SInv}
   793 | D:2      | Reached XP level 3. HP: 23/27 MP: 5/5
  1251 | D:2      | Reached skill level 1 in Fighting
  1470 | D:3      | Slain by a gnoll

Illustrated notes

Levels and vault maps discovered:
D:1:      lemuel_arrival_rhombus, layout_basic,
          hellmonk_ecumenical_altar_lost_god
D:2:      layout_loops_ring
D:3:      layout_basic, gammafunk_ghost_cemetery, uniq_terence

Skill      XL: |  1  2  3 |
---------------+----------+-----
Shapeshifting  | 3 |  3.4
Unarmed Combat | 3 |  3.1
Fighting       | 1 |  1.0
Dodging        | 2 |  2.0
Armour         | |  0.3
Stealth        | |  0.3

Action                     || total
---------------------------++-------
  Melee: Unarmed           ||    82
         Punch             ||     1
   Stab: Sleeping          ||     2
 Armour: Animal skin       ||    12
         Leather armour    ||    20
         Ring mail         ||     4
  Dodge: Dodged            ||    43
   Form: Beast             ||     1

Table legend: (Time is in decaauts)
 A = Elapsed time spent in this place.
 B = Non-inter-level travel time spent in this place.
 C = Inter-level travel time spent in this place.
 D = Time resting spent in this place.
 E = Time spent auto-exploring this place.
 F = Levels seen in this place.
 G = Mean time per level.
                   A        B        C        D        E       F      G
               +--------+--------+--------+--------+--------+-----+--------+
         Total |   1465 |   1436 |     29 |      0 |   1165 |   3 |  488.3 |
       Dungeon |   1465 |   1436 |     29 |      0 |   1165 |   3 |  488.3 |
               +--------+--------+--------+--------+--------+-----+--------+

Top non-repeatable levels by time:
     D:1: 659 daAuts
     D:2: 647 daAuts
     D:3: 158 daAuts
